ORI
UNIVERSITY OF VIRGINIA CAVALIERS @ ARIZONA STATE UNIVERSITY SUN DEVILS
12/13/2048
 
TOP OF THE 1ST
University of Miami Hurricanes batting - Pitching for Arizona State University Sun Devils : RHP Sho Fukumoto
Pitching: RHP Sho Fukumoto
Batting: RHB Sam Costello 0-0: Called Strike
0-1: Ball
1-1: Ball
2-1: Ground out 5-3 (Groundball, 56, EV 86.2 MPH)
Batting: RHB C.J. Fleet 0-0: Called Strike
0-1: Swinging Strike
0-2: Ball
1-2: Ball
2-2: Foul Ball, location: 2F
2-2: Fly out, F7 (Flyball, 7D, EV 96.2 MPH)
Batting: RHB Luis Sanchez 0-0: Ball
1-0: Foul Ball, location: 2F
1-1: Ball
2-1: Ball
3-1: Swinging Strike
3-2: SINGLE (Groundball, 6MD, EV 95.6 MPH)
Batting: SHB Taylor Shelton 0-0: Fly out, F9 (Flyball, 9, EV 91.2 MPH)
Top of the 1st over - 0 runs, 1 hit, 0 errors, 1 left on base; University of Miami 0 - Arizona State University 0
BOTTOM OF THE 1ST
Arizona State University Sun Devils batting - Pitching for University of Miami Hurricanes : LHP Ryan Hosken
Pitching: LHP Ryan Hosken
Batting: LHB Timon Giorgiou 0-0: Foul Ball, location: 2F
0-1: Foul Ball, location: 2F
0-2: Foul Ball, location: 2F
0-2: DOUBLE (Groundball, 5L, EV 97.5 MPH)
Batting: RHB John Burgis 0-0: Ball
1-0: Foul Ball, location: 2F
1-1: Ball
2-1: Ground out 5-3 (Groundball, 5, EV 83.8 MPH)
Batting: RHB Martin Boyle 0-0: Called Strike
0-1: Ball
1-1: Ball
2-1: Foul Ball, location: 2F
2-2: Foul Ball, location: 2F
2-2: Foul Ball, location: 2F
2-2: Strikes out looking
Batting: RHB Jun-hyuk Leem 0-0: Called Strike
0-1: Ball
1-1: Called Strike
1-2: Strikes out looking
Bottom of the 1st over - 0 runs, 1 hit, 0 errors, 1 left on base; University of Miami 0 - Arizona State University 0
TOP OF THE 2ND
University of Miami Hurricanes batting - Pitching for Arizona State University Sun Devils : RHP Sho Fukumoto
Batting: LHB Dennis Jones 0-0: Called Strike
0-1: Swinging Strike
0-2: Ball
1-2: Ball
2-2: Strikes out swinging
Batting: LHB Jose Lopez 0-0: Called Strike
0-1: Ball
1-1: Ball
2-1: Fly out, F9 (Flyball, 89S, EV 83.1 MPH)
Batting: RHB Justin Jackson 0-0: Called Strike
0-1: Ball
1-1: Called Strike
1-2: Foul Ball, location: 2F
1-2: Strikes out swinging
Top of the 2nd over - 0 runs, 0 hits, 0 errors, 0 left on base; University of Miami 0 - Arizona State University 0
BOTTOM OF THE 2ND
Arizona State University Sun Devils batting - Pitching for University of Miami Hurricanes : LHP Ryan Hosken
Batting: RHB Carl Evans 0-0: Called Strike
0-1: Foul Ball, location: 2F
0-2: Hit by Pitch
Batting: RHB David Krebs 0-0: Ball
1-0: Foul Ball, location: 2F
1-1: Ball
2-1: Fly out, F8 (Flyball, 8RD, EV 74.4 MPH)
Batting: LHB Burraga Iukini 0-0: Ball
1-0: Foul Ball, location: 2F
1-1: Fielders Choice at 2nd, 5-4 (Groundball, 56, EV 89.4 MPH)
Batting: RHB Kawenaula Kapali 0-0: Foul Ball, location: 2F
0-1: SINGLE (Groundball, 34, EV 106.9 MPH)
Burraga Iukini to second
Runner from 2nd tries for 3rd, SAFE, throw by RF made to third
Kawenaula Kapali to second
Batting: LHB Randy Marquez 0-0: Fly out, F2 (Popup, 2L, EV 92.5 MPH)
Bottom of the 2nd over - 0 runs, 1 hit, 0 errors, 2 left on base; University of Miami 0 - Arizona State University 0
TOP OF THE 3RD
University of Miami Hurricanes batting - Pitching for Arizona State University Sun Devils : RHP Sho Fukumoto
Batting: RHB Tu Vo 0-0: Called Strike
0-1: Foul Ball, location: 2F
0-2: Ball
1-2: DOUBLE (Groundball, 5L, EV 105.6 MPH)
Batting: LHB Juan Zuniga 0-0: Called Strike
0-1: Ball
1-1: Ground out 6-3 (Groundball, 6, EV 93.8 MPH)
Batting: RHB Sam Costello 0-0: Swinging Strike
0-1: Ball
1-1: Called Strike
1-2: Strikes out swinging
Batting: RHB C.J. Fleet 0-0: Ground out 6-3 (Groundball, 6, EV 84.4 MPH)
Top of the 3rd over - 0 runs, 1 hit, 0 errors, 1 left on base; University of Miami 0 - Arizona State University 0
BOTTOM OF THE 3RD
Arizona State University Sun Devils batting - Pitching for University of Miami Hurricanes : LHP Ryan Hosken
Batting: LHB Timon Giorgiou 0-0: Swinging Strike
0-1: Swinging Strike
0-2: Strikes out swinging
Batting: RHB John Burgis 0-0: Called Strike
0-1: Ball
1-1: Fly out, F6 (Line Drive, 6, EV 70.0 MPH)
Batting: RHB Martin Boyle 0-0: Swinging Strike
0-1: Ball
1-1: Foul Ball, location: 2F
1-2: Reached on error, E4 (Groundball, 34, EV 85.6 MPH)
Batting: RHB Jun-hyuk Leem 0-0: Foul Ball, location: 2F
0-1: Ball
1-1: Foul Ball, location: 2F
1-2: Foul Ball, location: 2F
1-2: Ball
2-2: Foul Ball, location: 2F
2-2: Foul Ball, location: 2F
2-2: Fielders Choice at 2nd, 6-4 (Groundball, 6, EV 85.6 MPH)
Bottom of the 3rd over - 0 runs, 0 hits, 1 error, 1 left on base; University of Miami 0 - Arizona State University 0
TOP OF THE 4TH
University of Miami Hurricanes batting - Pitching for Arizona State University Sun Devils : RHP Sho Fukumoto
Batting: RHB Luis Sanchez 0-0: Ball
1-0: Ball
2-0: Called Strike
2-1: TRIPLE (Line Drive, 89XD, EV 104.4 MPH)
Batting: SHB Taylor Shelton 0-0: Called Strike
0-1: Foul Ball, location: 2F
0-2: Foul Ball, location: 2F
0-2: Foul Ball, location: 2F
0-2: Ball
1-2: Ball
2-2: DOUBLE (Popup, 3D, EV 74.4 MPH)
Luis Sanchez scores
Batting: LHB Dennis Jones 0-0: Called Strike
0-1: Ball
1-1: Ball
2-1: Foul Ball, location: 2F
2-2: Ball
3-2: Ground out U3 (Groundball, 34, EV 101.9 MPH)
Taylor Shelton to third
Batting: LHB Jose Lopez 0-0: Squeeze Bunt to 13S - play home, runner OUT, batter safe! 1-2
Batting: RHB Justin Jackson 0-0: Called Strike
0-1: Ground out 5-3 (Groundball, 25, EV 82.5 MPH)
Top of the 4th over - 1 run, 2 hits, 0 errors, 1 left on base; University of Miami 1 - Arizona State University 0
BOTTOM OF THE 4TH
Arizona State University Sun Devils batting - Pitching for University of Miami Hurricanes : LHP Ryan Hosken
Batting: RHB Carl Evans 0-0: Ball
1-0: Swinging Strike
1-1: Reached via error on a dropped throw from 3B, E3 (Groundball, 56, EV 86.2 MPH)
Batting: RHB David Krebs 0-0: Ball
1-0: Swinging Strike
1-1: Ball
2-1: Called Strike
2-2: Foul Ball, location: 2F
2-2: Foul Ball, location: 2F
2-2: SINGLE (Groundball, 4MD, EV 95.0 MPH)
Carl Evans to second
Throwing error, E8
Carl Evans scores
David Krebs to second
Batting: LHB Burraga Iukini 0-0: Ball
1-0: Fly out, F7 (Flyball, 7LM, EV 76.2 MPH)
Runner from 2nd tags up, SAFE at 3rd with throw by LF
Batting: RHB Kawenaula Kapali 0-0: Fly out, F6 (Popup, 6MS, EV 68.1 MPH)
Batting: LHB Randy Marquez 0-0: Ball
1-0: Fly out, F9 (Flyball, 9LSF, EV 88.1 MPH)
Bottom of the 4th over - 1 run, 1 hit, 2 errors, 1 left on base; University of Miami 1 - Arizona State University 1
TOP OF THE 5TH
University of Miami Hurricanes batting - Pitching for Arizona State University Sun Devils : RHP Sho Fukumoto
Batting: RHB Tu Vo 0-0: Ball
1-0: SINGLE (Groundball, 56S, EV 65.6 MPH) (infield hit)
Batting: LHB Juan Zuniga 0-0: Called Strike
0-1: 2-RUN HOME RUN (Line Drive, 9D, EV 95.6 MPH), Distance : 352 ft
Batting: RHB Sam Costello 0-0: Ball
1-0: Ground out 6-3 (Groundball, 6S, EV 83.1 MPH)
Batting: RHB C.J. Fleet 0-0: Ball
1-0: SINGLE (Line Drive, 8RS, EV 97.5 MPH)
Batting: RHB Luis Sanchez 0-0: Swinging Strike
0-1: Called Strike
0-2: Ball
1-2: Ball
2-2: Ball
3-2: Foul Ball, location: 2F
3-2: Strikes out swinging
Pitching: RHP Kyle Mahalik
Batting: SHB Taylor Shelton 0-0: Called Strike
Pickoff Throw to First - Out! 1-3
Top of the 5th over - 2 runs, 3 hits, 0 errors, 0 left on base; University of Miami 3 - Arizona State University 1
BOTTOM OF THE 5TH
Arizona State University Sun Devils batting - Pitching for University of Miami Hurricanes : LHP Ryan Hosken
Batting: LHB Timon Giorgiou 0-0: Ball
1-0: Called Strike
1-1: Ball
2-1: Foul Ball, location: 2F
2-2: Ball
3-2: Foul Ball, location: 2F
3-2: Strikes out swinging
Pitching: LHP Oscar Chavez
Batting: RHB John Burgis 0-0: Ground out 5-3 (Groundball, 5, EV 82.5 MPH)
Batting: RHB Martin Boyle 0-0: Ball
1-0: Ground out 5-3 (Groundball, 56, EV 85.0 MPH)
Bottom of the 5th over - 0 runs, 0 hits, 0 errors, 0 left on base; University of Miami 3 - Arizona State University 1
TOP OF THE 6TH
University of Miami Hurricanes batting - Pitching for Arizona State University Sun Devils : RHP Kyle Mahalik
Batting: SHB Taylor Shelton 0-0: Ball
1-0: Ball
2-0: Ball
3-0: Called Strike
3-1: Base on Balls
Batting: LHB Dennis Jones 0-0: Foul Ball, location: 2F
0-1: Swinging Strike
0-2: Ball
1-2: Strikes out looking
Batting: LHB Jose Lopez 0-0: Ball
1-0: Called Strike
1-1: Called Strike
1-2: Fly out, F1 (Line Drive, P, EV 70.0 MPH)
Batting: RHB Justin Jackson 0-0: Ball
1-0: Ball
2-0: Ball
3-0: Called Strike
3-1: Base on Balls
Taylor Shelton to second
Batting: RHB Tu Vo 0-0: Ball
1-0: Fly out, F8 (Flyball, 8LD, EV 73.1 MPH)
Top of the 6th over - 0 runs, 0 hits, 0 errors, 2 left on base; University of Miami 3 - Arizona State University 1
BOTTOM OF THE 6TH
Arizona State University Sun Devils batting - Pitching for University of Miami Hurricanes : LHP Oscar Chavez
Batting: RHB Jun-hyuk Leem 0-0: Ball
1-0: Ground out 6-3 (Groundball, 6, EV 80.0 MPH)
Batting: RHB Carl Evans 0-0: Foul Ball, location: 2F
0-1: Called Strike
0-2: Strikes out swinging
Batting: RHB David Krebs 0-0: SINGLE (Groundball, 34D, EV 95.0 MPH)
Batting: LHB Dustin Gill 0-0: Called Strike
0-1: Swinging Strike
0-2: Foul Ball, location: 2F
0-2: Ground out 4-3 (Groundball, 4, EV 105.0 MPH)
Bottom of the 6th over - 0 runs, 1 hit, 0 errors, 1 left on base; University of Miami 3 - Arizona State University 1
TOP OF THE 7TH
University of Miami Hurricanes batting - Pitching for Arizona State University Sun Devils : RHP Kyle Mahalik
Pitching: RHP Andrew Frugoli
Batting: LHB Juan Zuniga 0-0: Foul Ball, location: 2F
0-1: Ball
1-1: SINGLE (Groundball, 4MD, EV 103.8 MPH)
Batting: RHB Sam Costello 0-0: Sac Bunt to P - play at first, batter OUT! 1-3
Juan Zuniga to second
Batting: RHB C.J. Fleet 0-0: Called Strike
0-1: Ball
1-1: Ball
2-1: Ball
3-1: Base on Balls
Batting: RHB Luis Sanchez 0-0: Swinging Strike
0-1: Ball
1-1: Ball
2-1: Ball
3-1: Base on Balls
Juan Zuniga to third
C.J. Fleet to second
Batting: SHB Taylor Shelton 0-0: Fly out, F8 (Line Drive, 8RM, EV 95.0 MPH)
Runner from 3rd tags up, SCORES, throw by CF
C.J. Fleet to third
Batting: LHB Dennis Jones 0-0: Called Strike
0-1: Swinging Strike
0-2: Ball
1-2: Ball
2-2: Foul Ball, location: 2F
2-2: Ball
3-2: Base on Balls
Luis Sanchez to second
Batting: LHB Jose Lopez 0-0: Ball
1-0: Swinging Strike
1-1: Swinging Strike
1-2: Foul Ball, location: 2F
1-2: Ball
2-2: Ball
3-2: Base on Balls
C.J. Fleet scores
Luis Sanchez to third
Dennis Jones to second
Pitching: LHP Jorge Ruiz
Batting: RHB Justin Jackson 0-0: Ball
1-0: Ball
2-0: SINGLE (Flyball, 8LS, EV 85.6 MPH)
Luis Sanchez scores
Dennis Jones to third
Jose Lopez to second
Runner from 3rd tries for Home, SAFE, throw by CF to home
Batting: RHB Tu Vo 0-0: Called Strike
0-1: Foul Ball, location: 2F
0-2: Ball
1-2: Ball
2-2: Foul Ball, location: 2F
2-2: SINGLE (Groundball, 6M, EV 80.6 MPH) (infield hit)
Jose Lopez to third
Justin Jackson to second
Batting: LHB Juan Zuniga 0-0: Called Strike
0-1: Ball
1-1: Ball
2-1: Foul Ball, location: 2F
2-2: Strikes out looking
Top of the 7th over - 4 runs, 3 hits, 0 errors, 3 left on base; University of Miami 7 - Arizona State University 1
BOTTOM OF THE 7TH
Arizona State University Sun Devils batting - Pitching for University of Miami Hurricanes : LHP Oscar Chavez
Batting: RHB Kawenaula Kapali 0-0: Called Strike
0-1: SINGLE (Line Drive, 9LS, EV 93.8 MPH)
Batting: LHB Randy Marquez 0-0: Swinging Strike
0-1: Fly out, F7 (Flyball, 78D, EV 87.5 MPH)
Batting: LHB Timon Giorgiou 0-0: Ball
1-0: Ball
2-0: Ball
3-0: Called Strike
3-1: Foul Ball, location: 2F
3-2: Strikes out looking
Batting: RHB John Burgis 0-0: Ball
1-0: Ball
2-0: SINGLE (Line Drive, 8RS, EV 96.9 MPH)
Kawenaula Kapali to second
Batting: RHB Martin Boyle 0-0: Ball
1-0: Swinging Strike
1-1: Foul Ball, location: 2F
1-2: Ball
2-2: Fly out, F7 (Flyball, 78S, EV 86.2 MPH)
Bottom of the 7th over - 0 runs, 2 hits, 0 errors, 2 left on base; University of Miami 7 - Arizona State University 1
TOP OF THE 8TH
University of Miami Hurricanes batting - Pitching for Arizona State University Sun Devils : LHP Jorge Ruiz
Batting: RHB Sam Costello 0-0: Called Strike
0-1: Ground out 3-1 (Groundball, 34S, EV 90.6 MPH)
Batting: RHB C.J. Fleet 0-0: Called Strike
0-1: Swinging Strike
0-2: Foul Ball, location: 2F
0-2: Foul Ball, location: 2F
0-2: DOUBLE (Flyball, 89D, EV 100.6 MPH) - OUT at third base trying to stretch hit.
Batting: RHB Luis Sanchez 0-0: Called Strike
0-1: Ball
1-1: Ball
2-1: Foul Ball, location: 2F
2-2: Ball
3-2: Fly out, F3 (Line Drive, 3, EV 65.6 MPH)
Top of the 8th over - 0 runs, 1 hit, 0 errors, 0 left on base; University of Miami 7 - Arizona State University 1
BOTTOM OF THE 8TH
Arizona State University Sun Devils batting - Pitching for University of Miami Hurricanes : LHP Oscar Chavez
Batting: RHB Jun-hyuk Leem 0-0: Called Strike
0-1: Swinging Strike
0-2: Strikes out looking
Batting: RHB Carl Evans 0-0: Ball
1-0: Called Strike
1-1: Foul Ball, location: 2F
1-2: Strikes out looking
Batting: RHB David Krebs 0-0: Foul Ball, location: 2F
0-1: Ground out 4-3 (Groundball, 4, EV 86.2 MPH)
Bottom of the 8th over - 0 runs, 0 hits, 0 errors, 0 left on base; University of Miami 7 - Arizona State University 1
TOP OF THE 9TH
University of Miami Hurricanes batting - Pitching for Arizona State University Sun Devils : LHP Jorge Ruiz
Batting: SHB Taylor Shelton 0-0: Foul Ball, location: 2F
0-1: Foul Ball, location: 2F
0-2: Strikes out looking
Batting: LHB Dennis Jones 0-0: Called Strike
0-1: Swinging Strike
0-2: Ball
1-2: Foul Ball, location: 2F
1-2: Strikes out looking
Batting: LHB Jose Lopez 0-0: Called Strike
0-1: Swinging Strike
0-2: Ball
1-2: Ball
2-2: Ground out 2-3 (Groundball, 2R, EV 71.2 MPH)
Top of the 9th over - 0 runs, 0 hits, 0 errors, 0 left on base; University of Miami 7 - Arizona State University 1
BOTTOM OF THE 9TH
Arizona State University Sun Devils batting - Pitching for University of Miami Hurricanes : LHP Oscar Chavez
Batting: LHB Dustin Gill 0-0: Called Strike
0-1: Called Strike
0-2: Ball
1-2: Ground out 6-3 (Groundball, 6, EV 86.2 MPH)
Batting: RHB Kawenaula Kapali 0-0: Called Strike
0-1: Ball
1-1: Foul Ball, location: 2F
1-2: Ball
2-2: Ball
3-2: Base on Balls
Pitching: RHP Kevin Marthaler
Pinch Hitting: RHB Rusty Gee 0-0: Ball
1-0: Ground out 6-3 (Groundball, 6M, EV 98.8 MPH)
Kawenaula Kapali to second
Pinch Hitting: RHB Israel Tobias 0-0: Called Strike
0-1: Swinging Strike
0-2: Strikes out swinging
Bottom of the 9th over - 0 runs, 0 hits, 0 errors, 1 left on base; University of Miami 7 - Arizona State University 1
Tuesday, March 28th , 2023 - OOTP Baseball 23.10 Build 110